 Dungeon Crawl Stone Soup version 0.27.1 (webtiles) character file.

Game seed: 5245926345840670932

105 unlimited1921 the Conjurer (level 4, -1/35 HPs)
             Began as a Demigod Conjurer on Aug 24, 2021.
             Slain by an ogre (10 damage)
             ... on level 3 of the Dungeon.
             The game lasted 00:26:13 (5610 turns).

unlimited1921 the Conjurer (Demigod Conjurer)       Turns: 5610, Time: 00:26:14

Health: -1/35      AC:  2    Str:  8    XL:     4   Next: 29%
Magic:  11/11      EV: 12    Int: 24    God:
Gold:   112        SH:  0    Dex: 12    Spells: 6/9 levels left

rFire    . . .     SeeInvis .   w - +0 arbalest
rCold    . . .     Faith    .   (shield currently unavailable)
rNeg     . . .     Spirit   .   a - +0 robe
rPois    .         Reflect  .   (no helmet)
rElec    .         Harm     .   (no cloak)
rCorr    .         Rampage  .   (no gloves)
Will     .....                  (no boots)
Stlth    ++........             (no amulet)
HPRegen  0.11/turn              (no ring)
MPRegen  0.12/turn              (no ring)

@: no status effects
A: high mp 1, forlorn
a: no special abilities


You were on level 3 of the Dungeon.
You visited 1 branch of the dungeon, and saw 4 of its levels.

You collected 112 gold pieces.

Inventory:

Hand Weapons
 f - a +0 dagger
 i - a +0 mace
 t - a +1 whip of venom
 v - a +0 rapier
 w - a +0 arbalest (weapon)
Missiles
 h - 17 arrows
 k - 28 sling bullets
 m - 8 javelins
 r - 26 poisoned darts
 s - 23 bolts (quivered ammo)
Armour
 a - a +0 robe (worn)
 g - a +0 leather armour
 l - a +0 ring mail
Wands
 o - a wand of polymorph (10)
Scrolls
 b - a scroll of teleportation {unknown}
 u - a scroll of identify {unknown}
Potions
 c - a potion of heal wounds {unknown}
 d - 2 potions of might {unknown}
 e - a potion of degeneration {unknown}
 j - 2 potions of mutation {unknown}
 n - a potion of flight {unknown}
 p - a potion of invisibility {unknown}
 q - 2 potions of haste {unknown}


   Skills:
 * Level 1.3 Fighting
 + Level 1.9 Dodging
 + Level 2.5 Stealth
 * Level 3.0 Spellcasting
 - Level 3.9 Conjurations


You had 6 spell levels left.
You knew the following spells:

 Your Spells              Type           Power      Damage    Failure   Level
a - Magic Dart            Conj           88%        1d7       2%          1
b - Searing Ray           Conj           44%        3d4       3%          2

Your spell library contained the following spells:

 Spells                   Type           Power      Damage    Failure   Level
 Animate Skeleton         Necr           6%         N/A       11%         1
 Pain                     Necr           12%        1d4       11%         1
 Dazzling Flash           Conj/Hex       26%        N/A       14%         3
 Vampiric Draining        Necr           1%         2d6       32%         3
 Fulminant Prism          Conj/Hex       6%         3d7       43%         4
 Iskenderun's Mystic Bla  Conj/Tloc      13%        2d5       43%         4


Dungeon Overview and Level Annotations

Branches:
Dungeon (4/15)
 Temple: D:4-7


Innate Abilities, Weirdness & Mutations

Your attributes grow dramatically as you level up.
You have an increased reservoir of magic. (+10% MP)
You shall have no god before yourself.


Message History

You kill the gnoll!
The gnoll shaman calls upon its god to speed up the gnoll.
The gnoll seems to speed up.
You shoot a bolt. The bolt hits the giant cockroach!
You kill the giant cockroach!
An ogre comes into view. It is wielding a +0 giant spiked club.
You shoot a bolt. The bolt hits the gnoll shaman!
The gnoll shaman is moderately wounded.
The gnoll shaman invokes the aid of its god against you.
You resist with some effort.
The gnoll shaman calls upon its god to speed up the gnoll.
The gnoll seems to speed up.
There is a stone staircase leading up here.
You shoot a bolt.
The bolt closely misses the gnoll shaman.
The bolt hits the gnoll!
You kill the gnoll!
Your Spellcasting skill increases to level 3!
You climb upwards.
There is a stone staircase leading down here.
You climb downwards.
The gnoll hits you with a +0 club. The ogre barely misses you.
The gnoll closely misses you. The gnoll hits you with a +0 club.
The ogre hits you with a +0 giant spiked club!
There is a stone staircase leading up, spattered with blood here.
Unknown command.
You can't go down here!
The gnoll hits you with a +0 club.
* * * LOW HITPOINT WARNING * * *
The gnoll shaman closely misses you.
You climb upwards.
There is a stone staircase leading down here.
Unknown command.
Unknown command.
Welcome back, unlimited1921 the Demigod Conjurer.
Press ? for a list of commands and other information.
Welcome back, unlimited1921 the Demigod Conjurer.
Press ? for a list of commands and other information.
The ogre hits you with a +0 giant spiked club!
You die...

####...#.########....####........
# ##<##.# #.#.## ##....... ####.#
#.### ##.....# #####.##### #.#
##.<[## #.........# ##.# ##'##
#.###.###.# #..# #.# #.# #.# #.#
#g## ##.### #.# #.# #.# #g#
#..... #.# #.# #.# #@# ##...##
#.###.###.# #O###### #.....#
####.........# #.....<# ##...##
.........##### ######.######..##
########## #.........#
#########.# #.# #.# #.#


You could see an ogre, a gnoll shaman and a gnoll (fast).

Vanquished Creatures
  5 gnolls
  2 worms
  A dart slug (D:1)
  7 ball pythons
  An endoplasm (D:3)
  4 giant cockroaches
  8 hobgoblins
  2 kobolds
  3 quokkas
  3 bats
  2 frilled lizards
  4 goblins (D:1)
  5 rats
47 creatures vanquished.

Notes
Turn   | Place    | Note
-------+----------+-------------------------------------------
     0 | D:1      | unlimited1921 the Demigod Conjurer began the quest for the
                  | Orb.
     0 | D:1      | Reached XP level 1. HP: 14/14 MP: 5/5
   987 | D:1      | Reached XP level 2. HP: 20/20 MP: 5/7
  1219 | D:1      | Learned a level 2 spell: Searing Ray
  2032 | D:2      | Reached XP level 3. HP: 16/27 MP: 3/9
  2153 | D:2      | Reached skill level 1 in Fighting
  5117 | D:3      | Reached XP level 4. HP: 35/35 MP: 6/10
  5599 | D:4      | Noticed an ogre
  5610 | D:3      | Slain by an ogre

Illustrated notes

Levels and vault maps discovered:
D:1:      dpeg_arrival_shrine, layout_rooms, serial_curves, eino_curves_02,
          eino_curves_03, ebering_ecumenical_altar_abandoned, chequers_avenue
D:2:      layout_loops_cross
D:3:      layout_loops_corners, chequers_serial_rivers_room_a
D:4:      layout_cave_pools, kennysheep_little_box, nrook_mini_backslash,
          ebering_dispersal_statue_hall, uniq_pikel, uniq_sigmund

Skill      XL: |  1  2  3  4 |
---------------+-------------+-----
Stealth        | 2 |  2.5
Spellcasting   | 2 3 |  3.0
Fighting       | 1 |  1.3
Dodging        | |  1.9
Conjurations   | |  3.9

Action                   |  1- 3 |  4- 6 || total
-------------------------+-------+-------++-------
 Fire: Arbalest          |       |     5 ||     5
 Cast: Magic Dart        |    86 |       ||    86
       Searing Ray       |    10 |     2 ||    12
Armor: Robe              |     3 |       ||     3
Dodge: Dodged            |    15 |     3 ||    18
